 Dungeon Crawl Stone Soup version 0.22-a0-283-g1871b15 (webtiles) character file.

1862 newphone the Fighter (level 9, 0/67 HPs)
             Began as a Halfling Wanderer on Mar 18, 2018.
             Was an Initiate of Elyvilon.
             Slain by an orc warrior
             ... wielding a +0 trident
              (6 damage)
             ... on level 7 of the Dungeon.
             The game lasted 00:18:33 (10752 turns).

newphone the Fighter (Halfling Wanderer)           Turns: 10752, Time: 00:18:33

Health: 0/67       AC:  9    Str: 20    XL:     9   Next: 35%
Magic:  11/11      EV:  8    Int: 12    God:    Elyvilon [......]
Gold:   181        SH:  5    Dex: 14    Spells: 10/11 levels left

rFire    . . .     SeeInvis .   a - +3 spear
rCold    . . .     Gourm    .   c - +0 buckler
rNeg     . . .     Faith    .   b - +0 chain mail
rPois    .         Spirit   .   (no helmet)
rElec    .         Reflect  .   (no cloak)
rCorr    .         Harm     .   w - +0 pair of gloves
MR       +....                  (no boots)
Stlth    ..........             (no amulet)
HPRegen  0.21/turn              l - +2 ring of strength
MPRegen  0.12/turn              i - +4 ring of strength

@: no status effects
A: small, magic resistance 1, mutation resistance 1
a: Renounce Religion


You were on level 7 of the Dungeon.
You worshipped Elyvilon.
Elyvilon was noncommittal.
You were very hungry.

You visited 2 branches of the dungeon, and saw 8 of its levels.

You collected 181 gold pieces.

Inventory:

Hand Weapons
 a - a +3 spear (weapon)
 q - a +0 trident
 t - a +0 shortbow
Missiles
 g - 7 tomahawks (quivered)
 j - 21 sling bullets
 o - 37 stones
 u - 88 arrows
Armour
 b - a +0 chain mail (worn)
 c - a +0 buckler (worn)
 w - a +0 pair of gloves (worn)
 y - a +1 leather armour of cold resistance
Magical Staves
 d - an uncursed staff of power
Jewellery
 i - a +4 ring of strength (right hand)
 l - a +2 ring of strength (left hand)
Wands
 n - a wand of disintegration (12)
 p - a wand of polymorph (32)
Scrolls
 e - a scroll of blinking
 h - a scroll of identify
 k - 2 scrolls of magic mapping
 r - 3 scrolls of remove curse
Potions
 m - a potion of flight
Comestibles
 f - 4 rations


   Skills:
 + Level 8.8 Fighting
 * Level 6.1 Polearms
 - Level 1.1 Stealth
 - Level 1.2 Shields
 - Level 1.5 Spellcasting
   Level 3.2 Charms


You had 10 spell levels left.
You knew the following spells:

 Your Spells              Type           Power        Failure   Level  Hunger
a - Summon Butterflies    Summ           #.......     99%         1    ##.....


Dungeon Overview and Level Annotations

Branches:
Dungeon (7/15)             Temple (1/1) D:5

Altars:
Ashenzari
Cheibriados
Dithmenos
Elyvilon
Fedhas
Gozag
Hepliaklqana
Kikubaaqudgha
Makhleb
Nemelex Xobeh
Qazlal
Ru
Sif Muna
Trog
Uskayaw
Vehumet
Wu Jian
Xom
Yredelemnul
Zin

Annotations:
D:5 Grinder


Innate Abilities, Weirdness & Mutations

You are small and have problems with some larger weapons.
You are somewhat resistant to further mutation.
You are resistant to hostile enchantments. (MR+)


Message History

You hit the orc warrior but do no damage.
The orc warrior is severely wounded.
You hit the orc warrior but do no damage.
The orc warrior is severely wounded.
The orc warrior barely misses you.
You completely miss the orc warrior.
The orc warrior is severely wounded.
The orc warrior hits you but does no damage.
You hit the orc warrior.
The orc warrior is severely wounded.
The orc warrior hits you with a trident!
* * * LOW HITPOINT WARNING * * *
The orc warrior hits you but does no damage.
There is an open door here.
You close the door.
An orc warrior opens the door.
The orc warrior hits you from afar with a trident!
* * * LOW HITPOINT WARNING * * *
The orc warrior hits you from afar with a trident.
You die...

#.# #.# # ####.### #
##+## #......# # ##...##
#.##.#.# #
##.....###.##.#.# #
##.......##.##...###
#.........#......#.######
+.......@.'..............
#.........####.......####
##....oo.## #........#
##...o.## ##......##
##...## ###...## ##'##
##.## #.# #.# #.#########
#.# ##.#.)ooo..# #.


You could see an orc warrior and 2 orcs.

Vanquished Creatures
  A hungry ghost (D:7)
  Edmund (D:5)
  An ice beast (D:5)
  An ogre (D:5)
  2 black bears
  2 centaurs (D:5)
  3 bullfrogs (D:6)
  A scorpion (D:4)
  2 crimson imps (D:6)
  A quasit (D:6)
  A bullfrog zombie (D:5)
  4 orc priests
  5 hounds
  Jessica (D:2)
  3 worker ants (D:4)
  Ijyb (D:3)
  3 orc wizards
  A hound zombie (D:5)
  3 gnolls (D:2)
  2 howler monkey skeletons (D:5)
  4 adders
  7 worms
  4 dart slugs
  8 leopard geckos
  25 orcs
  4 bats
  2 giant cockroaches (D:1)
  6 goblins (D:1)
  5 hobgoblins
  12 jackals
  A quokka (D:4)
  4 ball pythons
  4 frilled lizards
  A jackal skeleton (D:6)
  7 kobolds
  A leopard gecko skeleton (D:4)
  5 rats
139 creatures vanquished.

Notes
Turn   | Place    | Note
-------+----------+-------------------------------------------
     0 | D:1      | newphone the Halfling Wanderer began the quest for the Orb.
     0 | D:1      | newphone set off with: a +2 spear, a +0 buckler, a +0 robe, a ration
     0 | D:1      | Reached XP level 1. HP: 13/13 MP: 3/3
    82 | D:1      | Reached XP level 2. HP: 12/18 MP: 4/4
   245 | D:1      | Reached XP level 3. HP: 21/23 MP: 5/5
  1200 | D:2      | Reached XP level 4. HP: 28/28 MP: 6/6
  2619 | D:2      | Reached skill level 2 in Fighting
  2619 | D:2      | Reached XP level 5. HP: 34/34 MP: 7/7
  2711 | D:2      | Noticed Jessica
  3095 | D:2      | Killed Jessica
  3115 | D:2      | Found a deep blue altar of Sif Muna.
  3343 | D:3      | Reached skill level 3 in Fighting
  3801 | D:3      | Noticed Ijyb
  3813 | D:3      | Killed Ijyb
  3813 | D:3      | Reached XP level 6. HP: 42/42 MP: 8/8
  4189 | D:3      | Reached skill level 4 in Fighting
  4329 | D:3      | Learned a level 1 spell: Summon Butterflies
  5366 | D:4      | Reached XP level 7. HP: 49/49 MP: 9/9
  5504 | D:4      | Reached skill level 5 in Fighting
  6330 | D:5      | Entered Level 5 of the Dungeon
  6424 | D:5      | Reached skill level 6 in Fighting
  6620 | D:5      | Reached XP level 8. HP: 16/58 MP: 10/10
  6931 | D:5      | Reached skill level 7 in Fighting
  7165 | D:5      | Found a basalt altar of Yredelemnul.
  7202 | D:5      | Found a radiant altar of Vehumet.
  7203 | D:5      | Found an ancient bone altar of Kikubaaqudgha.
  7929 | D:6      | Noticed a dagger
  7930 | D:6      | Noticed a hand axe
  7932 | D:6      | Found a hide-covered altar of Uskayaw.
  8253 | D:5      | Noticed Edmund
  8288 | D:5      | Killed Edmund
  8288 | D:5      | Reached skill level 8 in Fighting
  8289 | D:5      | Noticed Grinder
  8291 | D:5      | Paralysed by Grinder for 7 turns
  8300 | D:6      | Gained mutation: You are resistant to hostile enchantments. (MR+) [potion of mutation]
  8836 | D:6      | Found an opulent altar of Gozag.
  9390 | D:5      | Reached XP level 9. HP: 61/67 MP: 11/11
  9599 | D:5      | Found a staircase to the Ecumenical Temple.
  9611 | Temple   | Entered the Ecumenical Temple
  9790 | Temple   | Became a worshipper of Elyvilon the Healer
  9862 | D:5      | Reached skill level 5 in Polearms
 10752 | D:7      | Slain by an orc warrior

Vault maps used:
D:1:      dpeg_arrival_simpleton_b, roderic_malta_cross, st_stairs_8
D:2:      lemuel_blue_sif_altar, uniq_jessica
D:3:      nicolae_overflow_hidden_temple, uniq_ijyb
D:4:      kb_forest_paths, serial_park_tiny_2, minmay_misc_feat_chi
D:5:      overflow_temple_1_default, chequers_temple_overflow_statue_of_worship,
          minmay_temple_entry_poolview, gup_sewer_entry_bubbles, first_ration,
          enter_ossuary_5, bh_walls_and_bars, uniq_edmund, uniq_grinder
D:6:      dancing_weapons_uskayaw,
          nicolae_gozag_cash_rules_everything_around_me, kennysheep_nondescript
D:7:      serial_shops, nicolae_shop_behind_doors
Temple:   eino_narrow_crystal_temple

Skill      XL: |  1  2  3  4  5  6  7  8  9 |
---------------+----------------------------+-----
Polearms       | 2 3 4 6 |  6.1
Fighting       | 2 3 4 6 8 |  8.8
Stealth        | |  1.1
Shields        | |  1.2
Spellcasting   | |  1.5
Charms         | |  3.2

Action                   |  1- 3 |  4- 6 |  7- 9 || total
-------------------------+-------+-------+-------++-------
Melee: Spear             |    98 |   259 |   377 ||   734
       Unarmed           |       |     6 |       ||     6
Throw: Tomahawk          |     7 |     3 |    16 ||    26
       Stone             |       |       |     1 ||     1
  Use: Scroll            |       |     6 |    10 ||    16
       Potion            |       |     7 |    10 ||    17
 Stab: Sleeping          |     4 |     3 |       ||     7
  Eat: Chunk             |     1 |     2 |     3 ||     6
       Ration            |       |     4 |     6 ||    10
Armor: Robe              |     9 |    11 |       ||    20
       Chain mail        |       |    44 |   173 ||   217
       Skin              |       |     2 |    12 ||    14
Dodge: Dodged            |    49 |    65 |   121 ||   235
Block: Buckler           |    11 |    37 |    64 ||   112

Table legend:
 A = Spawn XP
 B = Non-spawn XP
 C = Spawn XP percentage of total XP
 D = Spawn monster count
 E = Non-spawn monster count
 F = Spawn count percentage of total count
 G = Total turns spent on level
                    A         B        C        D         E        F      G
               +---------+---------+-------+---------+---------+-------+---------
         Total |       0 |    2660 |   0.0 |       0 |     139 |   0.0 | 10752
               +---------+---------+-------+---------+---------+-------+---------
           D:1 |       0 |      45 |   0.0 |       0 |      24 |   0.0 |   821
           D:2 |       0 |     162 |   0.0 |       0 |      25 |   0.0 |  2505
           D:3 |       0 |     140 |   0.0 |       0 |      23 |   0.0 |  1091
           D:4 |       0 |     341 |   0.0 |       0 |      23 |   0.0 |  1913
           D:5 |       0 |     997 |   0.0 |       0 |      22 |   0.0 |  1712
           D:6 |       0 |     618 |   0.0 |       0 |      19 |   0.0 |  1931
           D:7 |       0 |     357 |   0.0 |       0 |       3 |   0.0 |   591
               +---------+---------+-------+---------+---------+-------+---------
